 Dungeon Crawl Stone Soup version 0.32-a0-131-g9dbbe29261 (webtiles) character file.

Game seed: 14186201793494630823

5 Esekla the Sneak (level 1, 0/16 HPs)
             Began as an Octopode Delver on Feb 8, 2024.
             Slain by a quokka (2 damage)
             ... on level 5 of the Dungeon.
             The game lasted 00:01:25 (76 turns).

Esekla the Sneak (Octopode Delver)                    Turns: 76, Time: 00:01:26

Health: 0/16       AC:  1    Str: 11    XL:     1   Next: 80%
Magic:  1/1        EV: 13    Int: 12    God:
Gold:   0          SH:  0    Dex: 13    Spells: 0/0 levels left

rFire   . . .        a - +0 falchion
rCold   . . .        (no shield)
rNeg    . . .        (helmet restricted)
rPois   .            (no amulet)
rElec   .            (no ring)
rCorr   .            (no ring)
SInv    .            (no ring)
Will    .....        (no ring)
Stlth   ++++         (no ring)
HPRegen 0.22/turn    (no ring)
MPRegen 0.07/turn    (no ring)
                     (no ring)

%: no passive effects
@: no status effects
A: almost no armour, amphibious, 8 rings, camouflage 1, gelatinous body 1,
(nimble swimmer 1), tentacles
a: no special abilities


You were on level 5 of the Dungeon.
You visited 2 branches of the dungeon, and saw 2 of its levels.

Inventory:

Hand Weapons
 a - a +0 falchion (weapon)
Wands
 f - a wand of digging (3)
Scrolls
 b - 2 scrolls of fog
Potions
 e - a potion of haste


   Skills:
 * Level 3.0 Fighting
 + Level 2.0 Long Blades
 * Level 2.0 Dodging
 + Level 6.8 Stealth
 * Level 0.2 Spellcasting


You couldn't memorise any spells.
You didn't know any spells.
Your spell library was empty.

Dungeon Overview and Level Annotations

Branches:
Dungeon (5/15)             Temple (1/1) D:5

Altars:
Cheibriados
Dithmenos
Elyvilon
Hepliaklqana
Kikubaaqudgha
Makhleb
Nemelex Xobeh
Ru
Sif Muna
Vehumet
Wu Jian
Xom
The Shining One

Shops:
D:5 (


Innate Abilities, Weirdness & Mutations

You cannot wear most types of armour.
You are amphibious.
You can wear up to eight rings at the same time.
Your skin changes colour to match your surroundings (Stealth+).
Your rubbery body absorbs attacks. (AC +1, EV +1)
((You are camouflaged when in or above water. (Stealth+)))
You have tentacles for arms and can constrict up to eight enemies at once.


Message History

Found a sling.
The ufetubus barely misses you. x4
As you read the scroll of fear, it crumbles to dust.
You assume a fearsome visage.
The quokka looks frightened!
The ufetubus looks frightened! x2; The ufetubus slips past you!
The ufetubus hits you. The ufetubus barely misses you.
There is a staircase to the Ecumenical Temple here.
HP restored.
You climb downwards.
Welcome to the Ecumenical Temple!
Found a staircase back to the Dungeon.
There is a staircase back to the Dungeon here.
Search for what [? for help]?
Gozag Can't find anything matching that.
Unknown command.
You climb upwards.
There is a staircase to the Ecumenical Temple here.
Cornered, the ufetubus turns to fight!
Cornered, the quokka turns to fight!
The ufetubus slips past you! The ufetubus hits you. x2
You hit the ufetubus. You grab the ufetubus. You squeeze the ufetubus!
You kill the ufetubus!
The ufetubus slips past you! The ufetubus hits you. x2
The ufetubus attacks as it pursues you! The ufetubus hits you.
* * * LOW HITPOINT WARNING * * *
The ufetubus misses you.
You miss the ufetubus.
Your attack snaps the ufetubus out of its fear.
You grab the ufetubus. You constrict the ufetubus.
The ufetubus hits you but does no damage.
The ufetubus closely misses you. The ufetubus barely misses you.
The ufetubus misses you.
You hit the ufetubus.
The ufetubus is moderately wounded.
You constrict the ufetubus, but do no damage.
The ufetubus misses you. The ufetubus closely misses you.
The ufetubus barely misses you.
The ufetubus hits you but does no damage.
You barely miss the quokka. You grab the quokka. You constrict the quokka.
You constrict the ufetubus. The quokka bites you.
You die...

*********
,,,,,,,,*******###
*******,,,,,,,,..# ,,,,*
*,*******#.# ***,*
*,***,####.#
***,***,**,*,....#
,,,,,**,***,**#.=#
***,,**,* *,* #.@##
,,,,,,,,***,*##.5r#######
,,,,,,,,,,,,*#..........#
*****,*******#...#.#....#
*,* #..#.#.#...#
*,*****###.#.#.#.#..# ***
*,*,,,......#.>.#...####
,,*
*,*,**####.#.#.#.#.....#
*,***,*,* #..#.#.#..###.#


You could see an ufetubus and a quokka.

Vanquished Creatures
  An ufetubus (D:5)
1 creature vanquished.

Notes
Turn   | Place    | Note
-------+----------+-------------------------------------------
     0 | D:5      | Esekla the Octopode Delver began the quest for the Orb.
     0 | D:5      | Reached XP level 1. HP: 16/16 MP: 1/1
     0 | D:5      | Found Sisec's Weapon Shoppe.
    20 | D:5      | Noticed a phantom
    53 | D:5      | Found a staircase to the Ecumenical Temple.
    64 | Temple   | Entered the Ecumenical Temple
    76 | D:5      | Slain by a quokka

Illustrated notes

Levels and vault maps discovered:
D:5:      layout_loops_ring, okawaru_trees_2, minmay_temple_entry_grid,
          serial_shops, nicolae_shop_statue_plus, dk_noncrumbling_3
Temple:   oiseaux_autumnal_temple

Action                     || total
---------------------------++-------
  Melee: Falchion          ||     4
         Constrict         ||     3
         Tentacles         ||     1
    Use: Scroll            ||     2
 Armour: Skin              ||     9
  Dodge: Dodged            ||    12

Table legend: (Time is in decaauts)
 A = Elapsed time spent in this place.
 B = Non-inter-level travel time spent in this place.
 C = Inter-level travel time spent in this place.
 D = Time resting spent in this place.
 E = Time spent auto-exploring this place.
 F = Levels seen in this place.
 G = Mean time per level.
                   A        B        C        D        E       F      G
               +--------+--------+--------+--------+--------+-----+--------+
         Total |     76 |     76 |      0 |      0 |      0 |   2 |   38.0 |
       Dungeon |     75 |     75 |      0 |      0 |      0 |   1 |   75.0 |
        Temple |      1 |      1 |      0 |      0 |      0 |   1 |    1.0 |
               +--------+--------+--------+--------+--------+-----+--------+

Top non-repeatable levels by time:
     D:5: 75 daAuts
  Temple: 1 daAuts
